 Dungeon Crawl Stone Soup version 0.30-a0-341-g682706514a (webtiles) character file.

Game seed: 13122015017855347720

347 Elric the Poker (level 6, -2/47 HPs)
             Began as a Merfolk Fighter on Nov 2, 2022.
             Was an Initiate of Okawaru.
             Slain by an orc
             ... wielding a +0 trident
              (6 damage)
             ... on level 4 of the Dungeon.
             The game lasted 00:03:36 (2982 turns).

Elric the Poker (Merfolk Fighter)                   Turns: 2982, Time: 00:03:36

Health: -2/47      AC:  6    Str: 18    XL:     6   Next: 59%
Magic:  6/6        EV:  9    Int:  7    God:    Okawaru [......]
Gold:   178        SH:  5    Dex: 14    Spells: 5/5 levels left

rFire   . . .      SeeInvis +    a - +0 trident
rCold   . . .      Faith    .    c - +0 buckler
rNeg    . . .      Spirit   .    b - +0 scale mail
rPois   .          Reflect  .    (no helmet)
rElec   .          Harm     .    (no cloak)
rCorr   .          Rampage  .    (no gloves)
Will    .....                    (no boots)
Stlth   ..........               g - amulet of magic regeneration
HPRegen 0.27/turn                h - ring of see invisible
MPRegen 0.50/turn                (no ring)

@: mighty
A: (nimble swimmer 2), mertail
a: Renounce Religion


You were on level 4 of the Dungeon.
You worshipped Okawaru.
Okawaru was noncommittal.
You visited 1 branch of the dungeon, and saw 4 of its levels.

You collected 178 gold pieces.

Inventory:

Hand Weapons
 a - a +0 trident (weapon)
Armour
 b - a +0 scale mail (worn)
 c - a +0 buckler (worn)
Jewellery
 g - an amulet of magic regeneration (around neck)
 h - a ring of see invisible (left hand)
 r - a ring of magical power
 t - a ring of protection from cold
Scrolls
 e - 4 scrolls of teleportation {unknown}
 i - 7 scrolls of identify {unknown}
 m - 2 scrolls of poison {unknown}
 o - a scroll of brand weapon {unknown}
 p - a scroll of noise {unknown}
Potions
 f - a potion of degeneration {unknown}
 j - a potion of curing {unknown}
 k - a potion of ambrosia {unknown}
 l - a potion of flight {unknown}
 n - a potion of brilliance {unknown}
 q - a potion of lignification {unknown}
 s - a potion of cancellation {unknown}
 u - a potion of heal wounds {unknown}


   Skills:
 - Level 3.2 Fighting
 + Level 6.5 Polearms
 - Level 2.1 Armour
 + Level 5.5 Shields


You had 5 spell levels left.
You didn't know any spells.
Your spell library contained the following spells:

 Spells                   Type           Power      Damage    Failure   Level
 Blink                    Tloc           0%         N/A       96%         2
 Sublimation of Blood     Necr           0%         N/A       96%         2
 Manifold Assault         Tloc           0%         N/A       100%        4
 Petrify                  Tmut/Erth      0%         N/A       100%        4
 Irradiate                Conj/Tmut      0%         3d11      100%        5
 Storm Form               Tmut/Air       0%         N/A       100%        7


Dungeon Overview and Level Annotations

Branches:
Dungeon (4/15)
 Temple: D:4-7

Altars:
Dithmenos
Fedhas
Okawaru
Qazlal
Uskayaw
Xom
Yredelemnul
The Shining One


Innate Abilities, Weirdness & Mutations

((You are very nimble when in or above water. (Stealth+, EV+, Speed+++)))
Your lower body shifts to a powerful aquatic tail in water.


Message History

The orc hits you from afar with a +0 trident.
The orc hits you but does no damage.
The orc wizard gestures at you while chanting.
You are confused.
You are too confused!
You are too confused!
Unknown command.
You bump into the rock wall.
The orc hits you but does no damage.
You bump into the rock wall.
The orc barely misses you. The orc barely misses you.
You bump into the rock wall.
You feel less confused. The orc barely misses you. You block the orc's attack.
You block the orc's attack. The orc hits you with a +0 trident.
You barely miss the orc wizard. The orc barely misses you.
You block the orc's attack. The orc hits you but does no damage.
The orc wizard casts a spell at you. The puff of flame hits you.
You hit the orc.
The orc is heavily wounded.
You block the orc's attack. The orc hits you but does no damage.
The orc barely misses you.
The orc wizard hits you with a +0 dagger.
You hit the orc but do no damage.
The orc is heavily wounded.
The orc hits you with a +0 trident. The orc hits you with a +0 club.
* * * LOW HITPOINT WARNING * * *
The orc barely misses you. The orc wizard barely misses you.
Okay, then.
You feel very mighty all of a sudden. The orc hits you with a +0 trident.
* * * LOW HITPOINT WARNING * * *
The orc barely misses you. The orc hits you with a +0 trident.
* * * LOW HITPOINT WARNING * * *
The orc wizard barely misses you.
You puncture the orc!
You kill the orc!
Okawaru accepts your kill. The orc hits you with a +0 trident.
You die...

# ..# # >.#
########### ..#
##........# ##.##
##.######.# ...
##.#### #.# #)#
......# #.# ##.#
#..##.###.# ##)o#
..........####.o@####
.................o..+
...##.########...####
#.###.# ##..# ### #.#
##.# ####.# #.#
#....# ... ##.####
###. ##.# .#


You could see an orc wizard and 2 orcs.

Vanquished Creatures
  A black bear (D:3)
  A necrophage (D:4)
  A howler monkey (D:4)
  5 adders
  3 gnolls
  2 worms
  3 dart slugs
  7 orcs
  5 bats
  4 endoplasms
  A giant cockroach (D:3)
  4 goblins
  10 hobgoblins
  5 jackals (D:2)
  A quokka (D:2)
  7 ball pythons
  5 frilled lizards
  10 kobolds
  A rat (D:2)
76 creatures vanquished.

Vanquished Creatures (others)
  A plant (D:1)
1 creature vanquished.

Grand Total: 77 creatures vanquished

Notes
Turn   | Place    | Note
-------+----------+-------------------------------------------
     0 | D:1      | Elric the Merfolk Fighter began the quest for the Orb.
     0 | D:1      | Reached XP level 1. HP: 18/18 MP: 1/1
    84 | D:1      | Reached skill level 3 in Polearms
    92 | D:1      | Reached XP level 2. HP: 12/24 MP: 2/2
   547 | D:2      | Reached XP level 3. HP: 27/29 MP: 3/3
   948 | D:2      | Reached skill level 4 in Polearms
  1174 | D:2      | Reached XP level 4. HP: 35/35 MP: 4/4
  1710 | D:3      | Noticed a black bear
  1717 | D:3      | Killed a black bear
  1718 | D:3      | Reached skill level 5 in Polearms
  1718 | D:3      | Reached XP level 5. HP: 28/41 MP: 5/5
  1798 | D:3      | Found a stormy altar of Qazlal.
  1856 | D:3      | Found an iron altar of Okawaru.
  1935 | D:3      | Became a worshipper of Warmaster Okawaru
  1983 | D:3      | Reached skill level 5 in Shields
  2175 | D:3      | Reached XP level 6. HP: 34/47 MP: 6/6
  2329 | D:3      | Found a basalt altar of Yredelemnul.
  2518 | D:4      | Reached skill level 6 in Polearms
  2677 | D:4      | Found a shadowy altar of Dithmenos.
  2677 | D:4      | Found a hide-covered altar of Uskayaw.
  2678 | D:4      | Found a glowing golden altar of the Shining One.
  2679 | D:4      | Found a blossoming altar of Fedhas.
  2682 | D:4      | Found a shimmering altar of Xom.
  2982 | D:4      | Slain by an orc

Illustrated notes

Levels and vault maps discovered:
D:1:      saegor_arrival_miasma, layout_rooms, kennysheep_boxes
D:2:      layout_loops_corners, kennysheep_generic_room_9
D:3:      layout_basic, nicolae_qazlal_general_emergency,
          mainiacjoe_overflow_alcove_4, okawaru_altar_gauntlet_db
D:4:      layout_loops_corners, minitemple

Skill      XL: |  1  2  3  4  5  6 |
---------------+-------------------+-----
Polearms       | 3 4 5 6 |  6.5
Shields        | 4 5 |  5.5
Fighting       | |  3.2
Armour         | |  2.1

Action                   |  1- 3 |  4- 6 || total
-------------------------+-------+-------++-------
Melee: Trident           |   118 |   159 ||   277
  Use: Potion            |       |     1 ||     1
Armor: Scale mail        |    44 |    63 ||   107
Dodge: Dodged            |    33 |    66 ||    99
Block: Buckler           |    17 |    35 ||    52

Table legend: (Time is in decaauts)
 A = Elapsed time spent in this place.
 B = Non-inter-level travel time spent in this place.
 C = Inter-level travel time spent in this place.
 D = Time resting spent in this place.
 E = Time spent auto-exploring this place.
 F = Levels seen in this place.
 G = Mean time per level.
                   A        B        C        D        E       F      G
               +--------+--------+--------+--------+--------+-----+--------+
         Total |   3008 |   2961 |     47 |    187 |   2224 |   4 |  752.0 |
       Dungeon |   3008 |   2961 |     47 |    187 |   2224 |   4 |  752.0 |
               +--------+--------+--------+--------+--------+-----+--------+

Top non-repeatable levels by time:
     D:2: 1139 daAuts
     D:3: 876 daAuts
     D:4: 519 daAuts
     D:1: 473 daAuts
